 Dungeon Crawl Stone Soup version 0.29-a0-25-g7f48f510a0 (webtiles) character file.

Game seed: 2511353551869601395

7202 siradein the Zephyrmancer (level 10, -1/74 HPs)
             Began as a Pale Draconian Air Elementalist on Jan 31, 2022.
             Was a Believer of Vehumet.
             Engulfed by an ice statue's freezing vapour (24 damage)
             ... on level 9 of the Dungeon.
             The game lasted 00:37:41 (11948 turns).

siradein the Zephyrmancer (DrAE)                   Turns: 11948, Time: 00:37:42

Health: -1/74      AC: 12    Str: 10    XL:     10   Next: 87%
Magic:  1/21       EV: 14    Int: 21    God:    Vehumet [**....]
Gold:   550        SH:  0    Dex: 11    Spells: 14/24 levels left

rFire   . . .      SeeInvis .   y - +1 scimitar (flame)
rCold   . . .      Faith    .   (no shield)
rNeg    . . .      Spirit   .   (armour unavailable)
rPois   .          Reflect  .   (helmet restricted)
rElec   .          Harm     .   (no cloak)
rCorr   .          Rampage  .   t - +0 pair of gloves
Will    +....                   (no boots)
Stlth   ++........              (no amulet)
HPRegen 0.22/turn               d - +4 ring of protection
MPRegen 0.17/turn               l - ring of willpower

@: short of breath, slowed, very slow
A: breathe steam, AC +7, unfitting armour, cold-blooded, steam resistance
a: Breathe Steam, Renounce Religion


You were on level 9 of the Dungeon.
You worshipped Vehumet.
Vehumet was pleased with you.
You visited 2 branches of the dungeon, and saw 10 of its levels.

You collected 550 gold pieces.

Inventory:

Hand Weapons
 y - a +1 scimitar of flaming (weapon)
Armour
 t - a +0 pair of gloves (worn)
Jewellery
 d - a +4 ring of protection (left hand)
 l - a ring of willpower (right hand)
Wands
 o - a wand of charming (12)
 u - a wand of acid (3)
 A - a wand of flame (15)
Scrolls
 b - a scroll of silence
 e - a scroll of enchant armour
 f - 4 scrolls of brand weapon
 h - a scroll of immolation
 i - 4 scrolls of fog
 m - a scroll of summoning {unknown}
 n - 4 scrolls of teleportation {unknown}
 q - a scroll of noise {unknown}
 s - a scroll of enchant weapon {unknown}
 x - a scroll of amnesia {unknown}
 z - a scroll of fear {unknown}
Potions
 a - 3 potions of magic
 c - a potion of haste {unknown}
 j - a potion of flight {unknown}
 k - 3 potions of heal wounds {unknown}
 r - 4 potions of curing {unknown}
 v - 2 potions of mutation {unknown}
 w - 2 potions of cancellation {unknown}
 B - a potion of might
 C - a potion of lignification {unknown}


   Skills:
 + Level 2.4 Fighting
 + Level 7.7 Dodging
 - Level 1.7 Stealth
 + Level 7.8 Spellcasting
 + Level 8.2 Conjurations
 + Level 9.6 Air Magic
 + Level 2.5 Evocations


You had 14 spell levels left.
You knew the following spells:

 Your Spells              Type           Power      Damage    Failure   Level
a - Shock                 Conj/Air       100%       1d9       1%          1
b - Static Discharge      Conj/Air       45%        N/A       1%          2
c - Swiftness             Air            48%        N/A       1%          3
d - Airstrike             Air            24%        N/A       1%          4

Your spell library contained the following spells:

 Spells                   Type           Power      Damage    Failure   Level
 Freeze                   Ice            32%        1d5       9%          1
 Dazzling Flash           Conj/Hex       50%        N/A       4%          3
 Slow                     Hex            32%        N/A       9%          1
 Iskenderun's Mystic Bla  Conj/Tloc      25%        2d7       14%         4
 Confusing Touch          Hex            8%         N/A       24%         3
 Vampiric Draining        Necr           8%         2d6       24%         3
 Silence                  Hex/Air        14%        N/A       30%         5
 Petrify                  Tmut/Erth      8%         N/A       63%         4
 Agony                    Necr           8%         N/A       92%         5
 Metabolic Englaciation   Hex/Ice        4%         N/A       92%         5
 Starburst                Conj/Fire      12%        6d5       92%         6
 Statue Form              Tmut/Erth      5%         N/A       100%        6


Dungeon Overview and Level Annotations

Branches:
Dungeon (9/15)             Temple (1/1) D:7
   Lair: D:8-11         Orc: D:9-12

Altars:
Ashenzari
Cheibriados
Elyvilon
Fedhas
Gozag
Makhleb
Nemelex Xobeh
Okawaru
Qazlal
Ru
Trog
Vehumet
Wu Jian
Xom
The Shining One

Portals:
Abyss: D:4

Annotations:
D:4 2 transporters, gimp's ghost, amateur TeWn
D:9 exclusion: ice statue


Innate Abilities, Weirdness & Mutations

You can breathe blasts of scalding, opaque steam.
Your pale cyan-grey scales are hard. (AC +7)
You cannot fit into any form of body armour.
You are cold-blooded and may be slowed by cold attacks.
You are immune to the effects of steam.


Message History

The shard of ice misses you.
Casting: Airstrike (dangerous; 1% risk of failure)
Confirm with . or Enter, or press ? or * to list all spells.
Aiming: Airstrike (dangerous; 1% risk of failure)
Press: ? - help, Dir - move target, f/p - ice statue
Aim: an ice statue (steam, heavily damaged, empty space bonus: 8/8)
The air twists around and strikes the ice statue.
The ice statue is heavily damaged.
The ice statue is engulfed in a cloud of scalding steam.
The ice statue gestures at you. The bolt of cold hits you.
Casting: Airstrike (dangerous; 1% risk of failure)
Confirm with . or Enter, or press ? or * to list all spells.
Aiming: Airstrike (dangerous; 1% risk of failure)
Press: ? - help, Dir - move target, f/p - ice statue
Aim: an ice statue (steam, severely damaged, empty space bonus: 8/8)
The air twists around and strikes the ice statue!
The ice statue is severely damaged.
Unknown command.
Casting: Airstrike (dangerous; 1% risk of failure)
Confirm with . or Enter, or press ? or * to list all spells.
Aiming: Airstrike (dangerous; 1% risk of failure)
Press: ? - help, Dir - move target, f/p - ice statue
Aim: an ice statue (severely damaged, empty space bonus: 8/8)
The air twists around and strikes the ice statue!
The ice statue is almost destroyed.
The ice statue gestures at you. The freezing blast engulfs you!
Casting: Airstrike (dangerous; 1% risk of failure)
Confirm with . or Enter, or press ? or * to list all spells.
Aiming: Airstrike (dangerous; 1% risk of failure)
Press: ? - help, Dir - move target, f/p - ice statue
Aim: an ice statue (almost destroyed, empty space bonus: 8/8)
The air twists around and strikes the ice statue.
The ice statue is almost destroyed.
You are engulfed in freezing vapours.
You feel yourself slow down.
* * * LOW HITPOINT WARNING * * *
You are engulfed in freezing vapours.
You feel as though you will be slow longer.
You die...

####....................# #
...#....................# #
<.)#..................### #
...#.......#..........# #
#'##......###.........# #
[.)......##$##........# #
##......##...##.......# ####
#......#$.8..##......########...
#....).##.....#@§...............
#.......##...○○☼.............(..
##........##..☼☼☼................
#..........##..°○.............###
#...........##................#..
.......#.....##...............+..
.......##....)#...########'##.#..
#>......##...##...#.........#.#..
#........##.##....#.........#.#..


There were no monsters in sight!

Vanquished Creatures
  A hydra (D:7)
  Erica (D:9)
  An obsidian statue (D:9)
  2 kobold demonologists (D:9)
  A hornet (D:8)
  Sigmund (D:6)
  5 yaks (D:8)
  2 wyverns (D:8)
  Menkaure (D:4)
  3 water moccasins
  Duvessa (D:5)
  A sky beast (D:5)
  An ice beast (D:7)
  2 orc warriors
  2 necrophages
  3 ogres
  2 centaurs
  A phantom (D:3)
  2 kobold brigands
  2 bullfrogs
  4 gnoll sergeants
  3 scorpions
  Dowan (D:5)
  3 killer bees (D:6)
  2 bullfrog zombies
  2 hounds (D:5)
  3 centaur zombies
  A jelly (D:4)
  A gnoll shaman (D:4)
  10 orc priests
  4 orc wizards
  Terence (D:2)
  3 iguanas
  A hound skeleton (D:4)
  25 gnolls
  2 howler monkey skeletons (D:6)
  5 adders
  3 white imps
  2 adder zombies (D:5)
  A dart slug (D:4)
  36 orcs
  7 ball pythons
  5 endoplasms
  5 giant cockroaches
  6 goblins
  3 hobgoblins
  3 jackals (D:4)
  7 quokkas
  3 bats
  3 frilled lizards
  15 kobolds
  5 rats
210 creatures vanquished.

Vanquished Creatures (others)
  2 plants (D:3)
2 creatures vanquished.

Grand Total: 212 creatures vanquished

Notes
Turn   | Place    | Note
-------+----------+-------------------------------------------
     0 | D:1      | siradein the Draconian Air Elementalist began the quest for
                  | the Orb.
     0 | D:1      | Reached XP level 1. HP: 14/14 MP: 3/3
  1027 | D:2      | Reached XP level 2. HP: 20/20 MP: 1/5
  1030 | D:2      | Learned a level 2 spell: Static Discharge
  1486 | D:2      | Reached XP level 3. HP: 6/26 MP: 0/6
  1965 | D:2      | Identified the +0 tower shield of Uptan {MP+9 Stlth+}
  2200 | D:2      | Noticed Terence
  2208 | D:2      | Killed Terence
  2209 | D:2      | Reached XP level 4. HP: 27/33 MP: 0/8
  2792 | D:3      | Noticed an ogre
  2799 | D:3      | Killed an ogre
  2800 | D:3      | Reached skill level 4 in Air Magic
  2800 | D:3      | Reached XP level 5. HP: 31/38 MP: 0/9
  3137 | D:3      | Learned a level 3 spell: Swiftness
  3142 | D:3      | Learned a level 4 spell: Airstrike
  3418 | D:3      | Found a faded altar of an unknown god.
  3668 | D:3      | Reached XP level 6. HP: 42/45 MP: 1/11
  4633 | D:3      | Your scales start taking on a pale cyan-grey colour.
  4633 | D:3      | Reached skill level 5 in Air Magic
  4633 | D:3      | Reached XP level 7. HP: 40/50 MP: 1/12
  4633 | D:3      | Gained mutation: You are immune to the effects of steam.
                  | [Pale Draconian growth]
  4883 | D:4      | Noticed Menkaure
  4888 | D:4      | Killed Menkaure
  5019 | D:4      | Found a transporter.
  5048 | D:4      | Found a transporter.
  5063 | D:4      | Noticed an ancient zyme
  5103 | D:4      | Found a one-way gate to the infinite horrors of the Abyss.
  5103 | D:4      | Noticed gimp's ghost (amateur TeWn)
  5689 | D:4      | Reached skill level 6 in Air Magic
  6008 | D:5      | Entered Level 5 of the Dungeon
  6119 | D:5      | Reached XP level 8. HP: 57/57 MP: 10/15
  6382 | D:5      | Noticed Duvessa
  6384 | D:5      | Noticed Dowan
  6402 | D:5      | Killed Duvessa
  6403 | D:5      | Reached skill level 5 in Spellcasting
  6403 | D:5      | Reached skill level 5 in Conjurations
  6414 | D:5      | Reached skill level 5 in Dodging
  6563 | D:5      | Killed Dowan
  7477 | D:6      | Reached skill level 7 in Air Magic
  7757 | D:6      | Reached XP level 9. HP: 51/62 MP: 15/17
  8079 | D:6      | Noticed Sigmund
  8095 | D:6      | Killed Sigmund
  8620 | D:7      | Noticed a seven-headed hydra
  8636 | D:7      | Killed a seven-headed hydra
  8637 | D:7      | Reached skill level 8 in Air Magic
  8827 | D:7      | Found a staircase to the Ecumenical Temple.
  8836 | Temple   | Entered the Ecumenical Temple
  8878 | Temple   | Became a worshipper of Vehumet
  9516 | D:8      | Reached XP level 10. HP: 59/69 MP: 17/20
  9955 | D:8      | Reached skill level 9 in Air Magic
  9975 | D:8      | Reached * piety under Vehumet
  9975 | D:8      | Offered knowledge of Foxfire by Vehumet.
 10766 | D:9      | Noticed an obsidian statue
 10781 | D:9      | Noticed a sun demon
 11090 | D:9      | Killed an obsidian statue
 11091 | D:9      | Reached skill level 1 in Fighting
 11091 | D:9      | Reached skill level 1 in Evocations
 11376 | D:9      | Noticed a smoke demon
 11624 | D:9      | Noticed Erica
 11674 | D:9      | Killed Erica
 11779 | D:9      | Reached ** piety under Vehumet
 11779 | D:9      | Offered knowledge of Freeze by Vehumet.
 11941 | D:9      | Noticed an ice statue
 11948 | D:9      | Engulfed by an ice statue's freezing vapour

Illustrated notes

Levels and vault maps discovered:
D:1:      minmay_arrival_five_plusses, layout_basic
D:2:      layout_loops_ring, minmay_indecisive_spiral, uniq_terence
D:3:      layout_loops_ring, shapermc_ecumenical_altar_hornbeckon,
          minmay_tree_intersection, minmay_puff
D:4:      layout_loops_ring, gammafunk_ghost_abyssal_escape, uniq_menkaure
D:5:      layout_layer_cave, minivault_26, uniq_duvessa
D:6:      layout_basic, uniq_sigmund
D:7:      layout_rooms, minmay_temple_entry_ruins
D:8:      layout_loops_ring
D:9:      minmay_separated_statues, layout_irregular_city,
          lemuel_zombie_altar_kikubaaqudgha, uniq_erica
Temple:   regret_index_temple_sigil_plot

Skill      XL: |  1  2  3  4  5  6  7  8  9 10 |
---------------+-------------------------------+-----
Dodging        | 2 3 4 5 6 7 |  7.7
Conjurations   | 2 3 4 5 7 8 |  8.2
Spellcasting   | 3 4 5 6 7 |  7.8
Air Magic      | 4 5 6 7 8 9 |  9.6
Fighting       | 2 |  2.4
Evocations     | 2 |  2.5
Stealth        | |  1.7

Action                   |  1- 3 |  4- 6 |  7- 9 | 10-12 || total
-------------------------+-------+-------+-------+-------++-------
Melee: Dagger            |     2 |       |       |       ||     2
       Short sword       |    21 |    16 |    12 |       ||    49
       Punch             |       |     2 |       |       ||     2
       Tailslap          |       |     1 |     2 |       ||     3
 Cast: Shock             |    61 |    67 |   179 |    73 ||   380
       Static Discharge  |     4 |    27 |     1 |       ||    32
       Airstrike         |       |       |     6 |    29 ||    35
 Abil: Breathe Steam     |       |       |    47 |    21 ||    68
  Use: Scroll            |       |     4 |     1 |     1 ||     6
Armor: Skin              |    12 |    13 |    16 |     3 ||    44
Dodge: Dodged            |    20 |    30 |    47 |    20 ||   117

Table legend: (Time is in decaauts)
 A = Elapsed time spent in this place.
 B = Non-inter-level travel time spent in this place.
 C = Inter-level travel time spent in this place.
 D = Time resting spent in this place.
 E = Time spent auto-exploring this place.
 F = Levels seen in this place.
 G = Mean time per level.
                   A        B        C        D        E       F      G
               +--------+--------+--------+--------+--------+-----+--------+
         Total |  11969 |  11693 |    276 |   1651 |   8405 |  10 | 1196.9 |
       Dungeon |  11909 |  11633 |    276 |   1651 |   8381 |   9 | 1323.2 |
        Temple |     59 |     59 |      0 |      0 |     24 |   1 |   59.0 |
               +--------+--------+--------+--------+--------+-----+--------+

Top non-repeatable levels by time:
     D:3: 1911 daAuts
     D:1: 1636 daAuts
     D:8: 1622 daAuts
     D:4: 1373 daAuts
     D:5: 1355 daAuts
     D:6: 1203 daAuts
     D:2: 1102 daAuts
     D:9: 1020 daAuts
     D:7: 683 daAuts
  Temple: 59 daAuts
